 Dungeon Sprint DCSS version 0.27-a0-1144-g0b7d3b79db (webtiles) character file.

Game seed: 11819335396997351906

333 HendSelp the Protected (level 6, 0/41 HPs)
             Began as a Human Conjurer on May 10, 2021.
             Was the Champion of Jiyva.
             Slain by a merfolk
             ... wielding a +0 trident
              (16 damage)
             ... in the Dungeon (Sprint V: "Ziggurat Sprint").
             The game lasted 00:02:08 (150 turns).

HendSelp the Protected (Human Conjurer)              Turns: 150, Time: 00:02:09

Health: 0/41       AC:  3    Str:  7    XL:     6   Next: 82%
Magic:  20/22      EV: 13    Int: 39    God:    Jiyva [******]
Gold:   0          SH:  0    Dex: 11    Spells: 17/20 levels left

rFire    . . .     SeeInvis .   k - +6 Majin-Bo {vamp, MP+6 Int+6}
rCold    . . .     Faith    .   (shield currently unavailable)
rNeg     . . .     Spirit   .   a - +0 robe
rPois    .         Reflect  .   (helmet restricted)
rElec    .         Harm     .   (no cloak)
rCorr    +         Rampage  .   (no gloves)
Will     .....     NoTele   +   (no boots)
Stlth    +++.......             (no amulet)
HPRegen  0.13/turn              u - +6 ring of intelligence
MPRegen  0.18/turn              v - +6 ring of intelligence

@: no status effects
A: claws 1, horns 1, sense surroundings 1, acidic bite, gelatinous body 1,
pseudopods 1, translucent skin 1, evolution 1, tendrils, jelly sensing items
a: Renounce Religion, Request Jelly, Slimify, Cure Bad Mutation


You were in the Dungeon.
You worshipped Jiyva.
Jiyva was exalted by your worship.
You visited 1 branch

Inventory:

Hand Weapons
 k - the +6 Majin-Bo (weapon) {vamp, MP+6 Int+6}
   (You found it in the Dungeon)

   It inflicts no extra harm, but heals its wielder when it wounds a living foe.
   It affects your intelligence (+6).
   It affects your magic capacity (+6).
Armour
 a - a +0 robe (worn)
 t - the +0 chain mail of Atheism {rF++ rC-}
   (You found it in the Dungeon)

   It greatly protects you from fire.
   It makes you vulnerable to cold.
Jewellery
 u - a +6 ring of intelligence (left claw)
 v - a +6 ring of intelligence (right claw)
Wands
 y - a wand of mindburst (7)
 z - a wand of iceblast (7)
 A - a wand of acid (7)
Scrolls
 h - 4 scrolls of blinking
 m - 4 scrolls of amnesia
 n - 7 scrolls of fog
 o - a scroll of holy word
 p - 5 scrolls of identify
 q - 2 scrolls of fear
 w - a scroll of brand weapon
Potions
 b - 2 potions of brilliance
 c - 10 potions of curing
 d - 8 potions of heal wounds
 e - 6 potions of haste
 f - 7 potions of magic
 g - 3 potions of berserk rage
 i - 2 potions of invisibility
 j - 4 potions of resistance
 l - 5 potions of might
Miscellaneous
 s - a phantom mirror


   Skills:
 - Level 11.2 Armour
 - Level 2.0 Dodging
 - Level 2.0 Stealth
 + Level 7.8 Spellcasting
 - Level 4.0 Conjurations


You had 17 spell levels left.
You knew the following spells:

 Your Spells              Type           Power      Damage    Failure   Level
a - Magic Dart            Conj           100%       1d8       1%          1
b - Searing Ray           Conj           92%        3d6       1%          2

Your spell library contained the following spells:

 Spells                   Type           Power      Damage    Failure   Level
 Dazzling Flash           Conj/Hex       60%        N/A       3%          3
 Fulminant Prism          Conj/Hex       15%        3d11      11%         4
 Iskenderun's Mystic Bla  Conj/Tloc      30%        2d8       11%         4


Dungeon Overview and Level Annotations

Branches:
Dungeon (1/1)

Altars:
Ashenzari
Cheibriados
Dithmenos
Elyvilon
Fedhas
Gozag
Hepliaklqana
Kikubaaqudgha
Makhleb
Nemelex Xobeh
Okawaru
Qazlal
Ru
Sif Muna
Trog
Uskayaw
Vehumet
Wu Jian
Xom
Yredelemnul
Zin
The Shining One
Beogh
Jiyva
Lugonu

Annotations:
D 1 transporter


Innate Abilities, Weirdness & Mutations

You have sharp fingernails.
You have a pair of small horns on your head.
You passively map a small area around you.
You have acidic saliva.
Your rubbery body absorbs attacks. (AC +1, EV +1)
Armour fits poorly on your pseudopods.
Your translucent skin slightly reduces your foes' accuracy. (Stealth+)
You evolve.
You are covered in slimy tendrils that may disarm your opponents.
You have a small jelly attached to you that senses nearby items.


Message History

Unknown command.
Unknown command.
Unknown command.
Unknown command.
Unknown command.
Unknown command.
Unknown command.
Unknown command.
Unknown command.
Unknown command.
Unknown command.
Unknown command.
Unknown command.
Unknown command.
Drop what? 25/52 slots (_ for help) (? for menu, Esc to quit)
Okay, then.
You feel much better. The merfolk misses you.
The merfolk hits you from afar with a +0 trident!!
Ouch! That really hurt!
You shudder from the blow and a flood of jellies pours out from you!
The merfolk hits you from afar with a +0 trident.
You hear a distant slurping noise.
You feel better.
Your acid blob hits the merfolk!!
The merfolk dies!
Your Spellcasting skill gained 2 levels and is now at level 7!
Unknown command.
Unknown command.
Unknown command.
Unknown command.
Unknown command.
Unknown command.
Unknown command.
Unknown command.
Unknown command.
Unknown command.
Unknown command.
The merfolk throws a throwing net.
The throwing net hits your azure jelly.
Your azure jelly is caught in the net!
The merfolk hits you from afar with a +0 trident!
You die...

,
▓..©..▓..©..▓▓▓▓▓▓▓
* ,▓▓▓▓▓▓▓▓▓▓▓▓▓▓*
,▓..8©8...▓ 8 ,* ,
▓..}|[...▓ ∆∆∆ ,
,▓...}....▓,,∆ ∆
*** ▓...m....▓,, *
.JmJm...▓, ,,,
,▓.▓JJJJ▓.▓ ,
▓.J.@....▓, , ,
▓▓▓▓▓▓▓▓▓▓ * , ,
,,, 8 , , 8 ∆∆∆∆ ,
, , ,,* ,∆∆∆ , , *
, , , * *, , , , ,
, , , ,


You could see 3 merfolk, a friendly acid blob (summoned), 3 friendly azure
jellies and 3 friendly rockslimes.

Vanquished Creatures
  A swamp drake (D)
  A wight (D)
  An adder zombie (D)
  A jackal skeleton (D)
  A quokka skeleton (D)
5 creatures vanquished.

Vanquished Creatures (collateral kills)
  A merfolk (D)
  A steam dragon (D)
  An orc priest (D)
  An orc wizard (D)
  An orc (D)
5 creatures vanquished.

Grand Total: 10 creatures vanquished

Notes
Turn   | Place    | Note
-------+----------+-------------------------------------------
     0 | D        | HendSelp the Human Conjurer began the quest for the Orb.
     0 | D        | Reached XP level 1. HP: 13/13 MP: 3/3
     0 | D        | Found a shimmering blue altar of Sif Muna.
     0 | D        | Found a sacrificial altar of Ru.
     0 | D        | Found a bloodstained altar of Trog.
     0 | D        | Found a stormy altar of Qazlal.
     0 | D        | Found an iron altar of Okawaru.
     0 | D        | Found a sparkling altar of Nemelex Xobeh.
     0 | D        | Found a blossoming altar of Fedhas.
     1 | D        | Found the +6 Majin-Bo {vamp, MP+6 Int+6}
     1 | D        | Found the +9 heavy crossbow "Sniper" {vorpal, Acc+∞ SInv}
     1 | D        | Found the +10 dark maul {vorpal}
     1 | D        | Found the +15 Maxwell's patent armour {-Cast -Tele rElec
                  | Will+ rCorr}
     1 | D        | Found the +18 shield of the Gong {rElec rN+ Will+ EV-5}
     1 | D        | Found the +14 obsidian axe {vorpal, Drain Fly SInv}
     1 | D        | Found the +7 great mace "Firestarter" {inner flame, rF++}
     1 | D        | Found the +6 shillelagh "Devastator" {shatter}
     1 | D        | Found the +11 plutonium sword {Contam Stlth-}
     1 | D        | Found the +8 lance "Wyrmbane" {slay drac, rPois rF+ rC+
                  | AC+3}
     1 | D        | Found the +9 sword of Zonguldrok {reap}
     1 | D        | Found the +13 scythe of Curses {drain, Drain}
     1 | D        | Found the +5 sword of Power {vorpal}
     1 | D        | Found the +7 mace of Variability {chain chaos}
     1 | D        | Found the +7 Singing Sword {vorpal, sonic wave}
     1 | D        | Found the +8 storm bow {elec, penet}
     2 | D        | Found a transporter.
     2 | D        | Found an ancient bone altar of Kikubaaqudgha.
     2 | D        | Found a viscous altar of Jiyva.
     2 | D        | Found a corrupted altar of Lugonu.
     2 | D        | Found a hazy altar of Hepliaklqana.
     2 | D        | Found a burning altar of Makhleb.
     2 | D        | Found an opulent altar of Gozag.
    23 | D        | Reached skill level 7 in Armour
    23 | D        | Reached XP level 2. HP: 19/19 MP: 5/5
    29 | D        | Became a worshipper of Jiyva Jetey the Shapeless
    33 | D        | Reached * piety under Jiyva
    33 | D        | Reached ** piety under Jiyva
    33 | D        | Reached *** piety under Jiyva
    33 | D        | Gained mutation: You are covered in slimy tendrils that may
                  | disarm your opponents. [Jiyva's grace]
    34 | D        | Reached **** piety under Jiyva
    37 | D        | Gained mutation: You are robust. (+10% HP) [Jiyva's grace]
    37 | D        | Reached ***** piety under Jiyva
    37 | D        | Gained mutation: You have a pair of small horns on your
                  | head. [Jiyva's grace]
    37 | D        | Gained mutation: Your spells are a little harder to cast,
                  | but a little more powerful. [Jiyva's grace]
    37 | D        | Reached ****** piety under Jiyva
    37 | D        | Gained mutation: You are partially covered in iridescent
                  | scales. (AC +2) [Jiyva's grace]
    37 | D        | Lost mutation: You are partially covered in iridescent
                  | scales. (AC +2) [Jiyva's grace]
    40 | D        | Lost mutation: Your spells are a little harder to cast, but
                  | a little more powerful. [Jiyva's grace]
    40 | D        | Lost mutation: You are covered in slimy tendrils that may
                  | disarm your opponents. [Jiyva's grace]
    42 | D        | Lost mutation: You have a pair of small horns on your head.
                  | [Jiyva's grace]
    42 | D        | Gained mutation: Your muscles are strong. (Str +2) [Jiyva's
                  | grace]
    42 | D        | Gained mutation: You passively map a small area around you.
                  | [Jiyva's grace]
    42 | D        | Gained mutation: You tend to lose your temper in combat.
                  | [Jiyva's grace]
    44 | D        | Gained mutation: You are covered in slimy tendrils that may
                  | disarm your opponents. [Jiyva's grace]
    44 | D        | Lost mutation: You tend to lose your temper in combat.
                  | [Jiyva's grace]
    44 | D        | Gained mutation: You have sharp fingernails. [Jiyva's
                  | grace]
    46 | D        | Gained mutation: You evolve. [Jiyva's grace]
    46 | D        | Gained mutation: A frigid envelope surrounds you and
                  | freezes all who hurt you. [Jiyva's grace]
    46 | D        | Gained mutation: Your natural rate of healing is unusually
                  | fast. [Jiyva's grace]
    46 | D        | Gained mutation: You have acidic saliva. [Jiyva's grace]
    46 | D        | Lost mutation: Your muscles are strong. (Str +2) [Jiyva's
                  | grace]
    51 | D        | Entered arena 2.
    51 | D        | Noticed a swamp drake
    51 | D        | Noticed a steam dragon
    51 | D        | Gained mutation: You have a small jelly attached to you
                  | that senses nearby items. [Jiyva's grace]
    51 | D        | Found a transporter.
    57 | D        | Gained mutation: You tend to lose your temper in combat.
                  | [Jiyva's grace]
    59 | D        | Killed a swamp drake
    60 | D        | Reached skill level 9 in Armour
    60 | D        | Reached XP level 3. HP: 20/26 MP: 6/6
    60 | D        | Reached XP level 4. HP: 25/33 MP: 7/7
    60 | D        | Lost mutation: You evolve. [Jiyva's grace]
    60 | D        | Gained mutation: Your flesh is cold resistant. (rC+)
                  | [Jiyva's grace]
    60 | D        | Lost mutation: A frigid envelope surrounds you and freezes
                  | all who hurt you. [Jiyva's grace]
    60 | D        | Lost mutation: You tend to lose your temper in combat.
                  | [Jiyva's grace]
    60 | D        | Gained mutation: Your translucent skin slightly reduces
                  | your foes' accuracy. (Stealth+) [Jiyva's grace]
    60 | D        | Gained mutation: You possess an exceptional clarity of
                  | mind. [Jiyva's grace]
    60 | D        | Gained mutation: You evolve. [Jiyva's grace]
    60 | D        | Lost mutation: Your natural rate of healing is unusually
                  | fast. [Jiyva's grace]
    60 | D        | Gained mutation: Your translucent skin reduces your foes'
                  | accuracy. (Stealth+) [Jiyva's grace]
    60 | D        | Lost mutation: Your flesh is cold resistant. (rC+) [Jiyva's
                  | grace]
    60 | D        | Gained mutation: Your magical capacity is low. (-10% MP)
                  | [Jiyva's grace]
    62 | D        | Lost mutation: You passively map a small area around you.
                  | [Jiyva's grace]
    64 | D        | Killed a steam dragon
    65 | D        | Reached skill level 11 in Armour
    65 | D        | Reached XP level 5. HP: 17/38 MP: 7/7
    69 | D        | Learned a level 2 spell: Searing Ray
    69 | D        | Gained mutation: You passively map a small area around you.
                  | [Jiyva's grace]
    76 | D        | Entered arena 3.
    76 | D        | Found a transporter.
    78 | D        | Lost mutation: Your magical capacity is low. (-10% MP)
                  | [Jiyva's grace]
    81 | D        | Gained mutation: Armour fits poorly on your pseudopods.
                  | [Jiyva's grace]
    87 | D        | Lost mutation: You are robust. (+10% HP) [Jiyva's grace]
    93 | D        | Lost mutation: Your translucent skin reduces your foes'
                  | accuracy. (Stealth+) [Jiyva's grace]
    98 | D        | Lost mutation: You possess an exceptional clarity of mind.
                  | [Jiyva's grace]
   101 | D        | Gained mutation: Your muscles are strong. (Str +2) [Jiyva's
                  | grace]
   105 | D        | Gained mutation: You are agile. (Dex +2) [Jiyva's grace]
   109 | D        | Gained mutation: You expend magic power (3 MP) to
                  | strengthen your wands. [Jiyva's grace]
   117 | D        | Gained mutation: You have a pair of small horns on your
                  | head. [Jiyva's grace]
   118 | D        | Entered arena 4.
   118 | D        | Found a transporter.
   120 | D        | Gained mutation: Your rubbery body absorbs attacks. (AC +1,
                  | EV +1) [Jiyva's grace]
   125 | D        | Gained mutation: You are partially covered in iridescent
                  | scales. (AC +2) [Jiyva's grace]
   128 | D        | Reached skill level 5 in Spellcasting
   128 | D        | Reached XP level 6. HP: 41/41 MP: 13/13
   132 | D        | Lost mutation: You are agile. (Dex +2) [Jiyva's grace]
   134 | D        | Got the +0 chain mail of Atheism {rF++ rC-}
   136 | D        | Lost mutation: Your muscles are strong. (Str +2) [Jiyva's
                  | grace]
   142 | D        | Lost mutation: You are partially covered in iridescent
                  | scales. (AC +2) [Jiyva's grace]
   143 | D        | Entered arena 5.
   143 | D        | Noticed a merfolk
   143 | D        | Noticed a merfolk
   143 | D        | Noticed a merfolk
   143 | D        | Noticed a merfolk
   143 | D        | Found a transporter.
   146 | D        | Lost mutation: You expend magic power (3 MP) to strengthen
                  | your wands. [Jiyva's grace]
   149 | D        | Killed a merfolk
   150 | D        | Slain by a merfolk

Illustrated notes

Levels and vault maps discovered:
D:        sprint_v [room_start, room_1, room_2, room_3, room_4, room_5, room_6,
          room_7, room_8, room_9, room_10, room_11, room_12, room_13, room_14,
          room_15, room_16, room_17, room_18, room_19, room_20, room_21,
          room_22, room_23, room_24, room_25, room_26, room_27]

Skill      XL: |  1  2  3  4  5  6 |
---------------+-------------------+-----
Armour         | 7 9 11 | 11.2
Spellcasting   | 5 7 |  7.8
Dodging        | |  2.0
Stealth        | |  2.0
Conjurations   | |  4.0

Action                   |  1- 3 |  4- 6 || total
-------------------------+-------+-------++-------
Melee: Quarterstaff      |     3 |       ||     3
 Cast: Magic Dart        |     1 |    19 ||    20
  Use: Potion            |     1 |     2 ||     3
Armor: Robe              |       |     2 ||     2
Dodge: Dodged            |     5 |     6 ||    11

Table legend: (Time is in decaauts)
 A = Elapsed time spent in this place.
 B = Non-inter-level travel time spent in this place.
 C = Inter-level travel time spent in this place.
 D = Time resting spent in this place.
 E = Time spent auto-exploring this place.
 F = Levels seen in this place.
 G = Mean time per level.
                   A        B        C        D        E       F      G
               +--------+--------+--------+--------+--------+-----+--------+
         Total |    149 |    149 |      0 |      0 |     12 |   1 |  149.0 |
       Dungeon |    149 |    149 |      0 |      0 |     12 |   1 |  149.0 |
               +--------+--------+--------+--------+--------+-----+--------+

Top non-repeatable levels by time:
       D: 149 daAuts
